3L
BUCKHEAD BOWTIES @ LAS VEGAS FLAMINGOS
09/19/2028
 
TOP OF THE 1ST
Buckhead Bowties batting - Pitching for Las Vegas Flamingos : LHP Shunen Takahashi
Pitching: LHP Shunen Takahashi
Batting: RHB Mesa Altuve 0-0: Called Strike
0-1: Ball
1-1: Ball
2-1: Ball
3-1: SINGLE (Line Drive, 4M)
Batting: RHB Al Thomas 0-0: Called Strike
0-1: Ball
1-1: Ball
2-1: Fly out, F7 (Line Drive, 7)
Batting: RHB Pat Ings 0-0: Called Strike
0-1: Foul Ball, location: 2F
0-2: Foul Ball, location: 2F
0-2: Foul Ball, location: 2F
0-2: Grounds into double play, 6-4-3 (Groundball, 6)
Top of the 1st over - 0 run(s), 1 hit(s), 0 error(s), 0 left on base; Buckhead 0 - Las Vegas 0
BOTTOM OF THE 1ST
Las Vegas Flamingos batting - Pitching for Buckhead Bowties : RHP Henry Yates
Pitching: RHP Henry Yates
Batting: RHB Sake van Arem 0-0: Ball
1-0: Ball
2-0: Called Strike
2-1: Foul Ball, location: 2F
2-2: Ball
3-2: Foul Ball, location: 2F
3-2: SINGLE (Line Drive, 89S)
Batting: LHB Ruud van Ineveld 0-0: Ball
1-0: SINGLE (Flyball, 9LM)
Sake van Arem to second
Runner from 2nd tries for 3rd, SAFE, throw made to third
Ruud van Ineveld to second
Batting: RHB Xavier Hernández 0-0: Called Strike
0-1: Swinging Strike
0-2: Ball
1-2: Strikes out swinging
Batting: LHB Chris McKinney 0-0: Foul Ball, location: 2F
0-1: Ball
1-1: SINGLE (Groundball, 6MD)
Sake van Arem scores
Ruud van Ineveld to third
Runner from 3rd tries for Home, SAFE, no throw
Batting: LHB Victor Adams 0-0: Ball
1-0: Ball
2-0: Ball
3-0: Base on Balls
Chris McKinney to second
Batting: LHB José Alonso 0-0: Ball
1-0: Ball
2-0: Foul Ball, location: 2F
2-1: Fly out, F4 (Popup, 34)
Batting: RHB Jeff Young 0-0: Ball
1-0: Ball
2-0: Called Strike
2-1: Foul Ball, location: 2F
2-2: Ball
3-2: Base on Balls
Chris McKinney to third
Victor Adams to second
Batting: SHB Kunimichi Chikafuji 0-0: Swinging Strike
0-1: Fly out, F7 (Flyball, 7LSF)
Bottom of the 1st over - 2 run(s), 3 hit(s), 0 error(s), 3 left on base; Buckhead 0 - Las Vegas 2
TOP OF THE 2ND
Buckhead Bowties batting - Pitching for Las Vegas Flamingos : LHP Shunen Takahashi
Batting: RHB Raúl Ruíz 0-0: Swinging Strike
0-1: Ball
1-1: SINGLE (Line Drive, 6D)
Batting: LHB Gregg Young 0-0: Ball
1-0: Foul Ball, location: 2F
1-1: Foul Ball, location: 2F
1-2: Strikes out swinging
Batting: RHB Ricardo Cardenas 0-0: Called Strike
0-1: Ball
1-1: Fly out, F7 (Flyball, 7LM)
Batting: RHB Mike Burns 0-0: Called Strike
0-1: Fly out, F6 (Line Drive, 6)
Top of the 2nd over - 0 run(s), 1 hit(s), 0 error(s), 1 left on base; Buckhead 0 - Las Vegas 2
BOTTOM OF THE 2ND
Las Vegas Flamingos batting - Pitching for Buckhead Bowties : RHP Henry Yates
Batting: LHB Ye Der 0-0: Called Strike
0-1: Foul Ball, location: 2F
0-2: Foul Ball, location: 2F
0-2: Ball
1-2: Foul Ball, location: 2F
1-2: Fly out, F7 (Flyball, 7LSF)
Batting: RHB Sake van Arem 0-0: Ball
1-0: Ball
2-0: Foul Ball, location: 2F
2-1: Foul Ball, location: 2F
2-2: Foul Ball, location: 2F
2-2: SINGLE (Line Drive, 56)
Batting: LHB Ruud van Ineveld 0-0: Ball
Throwing error on steal attempt, E2
Sake van Arem to third
1-0: Foul Ball, location: 2F
1-1: Foul Ball, location: 2F
1-2: SINGLE (Line Drive, 4)
Sake van Arem scores
Batting: RHB Xavier Hernández 0-0: Ball
1-0: Ball
2-0: Swinging Strike
2-1: Ball
Ruud van Ineveld is caught stealing 2nd base
3-1: Base on Balls
Batting: LHB Chris McKinney 0-0: Foul Ball, location: 2F
0-1: Ball
1-1: Ball
2-1: Ball
3-1: Base on Balls
Xavier Hernández to second
Batting: LHB Victor Adams 0-0: Swinging Strike
0-1: Ball
1-1: Foul Ball, location: 2F
1-2: Foul Ball, location: 2F
1-2: SINGLE (Groundball, 34D)
Xavier Hernández to third
Chris McKinney to second
Runner from 3rd tries for Home, throw and OUT!
Bottom of the 2nd over - 1 run(s), 3 hit(s), 1 error(s), 2 left on base; Buckhead 0 - Las Vegas 3
TOP OF THE 3RD
Buckhead Bowties batting - Pitching for Las Vegas Flamingos : LHP Shunen Takahashi
Batting: RHB Juan Carlos Cruz 0-0: Ball
1-0: Ball
2-0: Fly out, F3 (Popup, 3L)
Batting: RHB Won-min Yi 0-0: Fly out, F9 (Flyball, 89M)
Batting: RHB Mesa Altuve 0-0: Called Strike
0-1: Called Strike
0-2: Ball
1-2: Ball
2-2: Foul Ball, location: 2F
2-2: Ball
3-2: Foul Ball, location: 2F
3-2: Ground out 5-3 (Groundball, 5)
Top of the 3rd over - 0 run(s), 0 hit(s), 0 error(s), 0 left on base; Buckhead 0 - Las Vegas 3
BOTTOM OF THE 3RD
Las Vegas Flamingos batting - Pitching for Buckhead Bowties : RHP Henry Yates
Batting: LHB José Alonso 0-0: Ball
1-0: Ball
2-0: Ball
3-0: Called Strike
3-1: Swinging Strike
3-2: Base on Balls
Batting: RHB Jeff Young 0-0: Foul Ball, location: 2F
0-1: Ball
1-1: Called Strike
1-2: Foul Ball, location: 2F
1-2: Ball
2-2: Ball
Wild Pitch!
José Alonso to second
3-2: Fly out, F7 (Flyball, 7LM)
Batting: SHB Kunimichi Chikafuji 0-0: Ball
1-0: Ball
2-0: Called Strike
2-1: Fly out, F7 (Flyball, 7LS)
Batting: LHB Ye Der 0-0: Called Strike
0-1: Ball
1-1: Ball
2-1: Called Strike
2-2: Ball
3-2: Base on Balls
Batting: RHB Sake van Arem 0-0: Foul Ball, location: 2F
0-1: Fly out, F7 (Flyball, 78S)
Bottom of the 3rd over - 0 run(s), 0 hit(s), 0 error(s), 2 left on base; Buckhead 0 - Las Vegas 3
TOP OF THE 4TH
Buckhead Bowties batting - Pitching for Las Vegas Flamingos : LHP Shunen Takahashi
Batting: RHB Al Thomas 0-0: Called Strike
0-1: Ground out 6-3 (Groundball, 6)
Batting: RHB Pat Ings 0-0: Called Strike
0-1: Ball
1-1: Swinging Strike
1-2: Strikes out swinging
Batting: RHB Raúl Ruíz 0-0: Ground out 6-3 (Groundball, 6S)
Top of the 4th over - 0 run(s), 0 hit(s), 0 error(s), 0 left on base; Buckhead 0 - Las Vegas 3
BOTTOM OF THE 4TH
Las Vegas Flamingos batting - Pitching for Buckhead Bowties : RHP Henry Yates
Batting: LHB Ruud van Ineveld 0-0: Fly out, F8 (Flyball, 78M)
Batting: RHB Xavier Hernández 0-0: Foul Ball, location: 2F
0-1: Ball
1-1: Ball
2-1: Swinging Strike
2-2: Ground out 6-3 (Groundball, 6)
Batting: LHB Chris McKinney 0-0: Ball
1-0: Ball
2-0: Swinging Strike
2-1: SOLO HOME RUN (Flyball, 8RXD), Distance : 453 ft
Batting: LHB Victor Adams 0-0: Ball
1-0: Ball
2-0: Called Strike
2-1: Ball
3-1: Foul Ball, location: 2F
3-2: Strikes out looking
Bottom of the 4th over - 1 run(s), 1 hit(s), 0 error(s), 0 left on base; Buckhead 0 - Las Vegas 4
TOP OF THE 5TH
Buckhead Bowties batting - Pitching for Las Vegas Flamingos : LHP Shunen Takahashi
Batting: LHB Gregg Young 0-0: Called Strike
0-1: Swinging Strike
0-2: Ground out 4-3 (Groundball, 4)
Batting: RHB Ricardo Cardenas 0-0: Swinging Strike
0-1: SINGLE (Groundball, 6MD)
Batting: RHB Mike Burns 0-0: Ball
1-0: Foul Ball, location: 2F
1-1: Fly out, F8 (Flyball, 8LXD)
Batting: RHB Juan Carlos Cruz 0-0: Ball
1-0: Called Strike
1-1: Ball
2-1: Swinging Strike
2-2: Strikes out swinging
Top of the 5th over - 0 run(s), 1 hit(s), 0 error(s), 1 left on base; Buckhead 0 - Las Vegas 4
BOTTOM OF THE 5TH
Las Vegas Flamingos batting - Pitching for Buckhead Bowties : RHP Henry Yates
Pitching: RHP Pat Pérez
Batting: LHB José Alonso 0-0: Called Strike
0-1: Ball
1-1: Fly out, F3 (Popup, 3L)
Batting: RHB Jeff Young 0-0: Ball
1-0: Ground out 6-3 (Groundball, 6)
Batting: SHB Kunimichi Chikafuji 0-0: Ball
1-0: Ball
2-0: Called Strike
2-1: Ball
3-1: Fly out, F9 (Flyball, 9S)
Bottom of the 5th over - 0 run(s), 0 hit(s), 0 error(s), 0 left on base; Buckhead 0 - Las Vegas 4
TOP OF THE 6TH
Buckhead Bowties batting - Pitching for Las Vegas Flamingos : LHP Shunen Takahashi
Batting: RHB Won-min Yi 0-0: Ball
1-0: Foul Ball, location: 2F
1-1: Ground out U3 (Groundball, 34S)
Batting: RHB Mesa Altuve 0-0: Called Strike
0-1: Fly out, F8 (Line Drive, 8RM)
Batting: RHB Al Thomas 0-0: Ground out 6-3 (Groundball, 6S)
Top of the 6th over - 0 run(s), 0 hit(s), 0 error(s), 0 left on base; Buckhead 0 - Las Vegas 4
BOTTOM OF THE 6TH
Las Vegas Flamingos batting - Pitching for Buckhead Bowties : RHP Pat Pérez
Batting: LHB Ye Der 0-0: SINGLE (Groundball, 4D)
Batting: RHB Sake van Arem 0-0: Ball
1-0: Bunted foul
1-1: Bunted foul
1-2: Foul Ball, location: 2F
1-2: Ball
2-2: SINGLE (Flyball, 7S)
Ye Der to second
Batting: LHB Ruud van Ineveld 0-0: Called Strike
0-1: Ball
1-1: Sac Bunt - play at first, batter OUT! 1-4
Ye Der to third
Sake van Arem to second
Batting: RHB Xavier Hernández 0-0: Ball
1-0: Called Strike
1-1: Fly out, F9 (Flyball, 89D)
Runner from 3rd tags up, SCORES, no throw
Sake van Arem to third
Batting: LHB Chris McKinney 0-0: Ball
1-0: Ball
2-0: Called Strike
2-1: Foul Ball, location: 2F
2-2: Ball
3-2: Foul Ball, location: 2F
3-2: Foul Ball, location: 2F
3-2: SINGLE (Groundball, 34D)
Sake van Arem scores
Batting: LHB Victor Adams 0-0: Fielders Choice at 2nd, 4-6 (Groundball, 34)
Bottom of the 6th over - 2 run(s), 3 hit(s), 0 error(s), 0 left on base; Buckhead 0 - Las Vegas 6
TOP OF THE 7TH
Buckhead Bowties batting - Pitching for Las Vegas Flamingos : LHP Shunen Takahashi
Batting: RHB Pat Ings 0-0: Ball
1-0: Ball
2-0: Ball
3-0: Swinging Strike
3-1: Fly out, F9 (Flyball, 9S)
Batting: RHB Raúl Ruíz 0-0: Ground out 5-3 (Groundball, 5L)
Batting: LHB Gregg Young 0-0: Foul Ball, location: 2F
0-1: Called Strike
0-2: Strikes out looking
Top of the 7th over - 0 run(s), 0 hit(s), 0 error(s), 0 left on base; Buckhead 0 - Las Vegas 6
BOTTOM OF THE 7TH
Las Vegas Flamingos batting - Pitching for Buckhead Bowties : RHP Pat Pérez
Batting: LHB José Alonso 0-0: Foul Ball, location: 2F
0-1: Swinging Strike
0-2: Ball
1-2: Ground out 3-1 (Groundball, 34S)
Batting: RHB Jeff Young 0-0: Ball
1-0: Fly out, F8 (Flyball, 8LM)
Batting: SHB Kunimichi Chikafuji 0-0: Ball
1-0: DOUBLE (Line Drive, 9LM) - OUT at third base trying to stretch hit.
Bottom of the 7th over - 0 run(s), 1 hit(s), 0 error(s), 0 left on base; Buckhead 0 - Las Vegas 6
TOP OF THE 8TH
Buckhead Bowties batting - Pitching for Las Vegas Flamingos : LHP Shunen Takahashi
Batting: RHB Ricardo Cardenas 0-0: Ball
1-0: Called Strike
1-1: Fly out, F9 (Flyball, 89M)
Batting: RHB Mike Burns 0-0: Swinging Strike
0-1: Ball
1-1: Foul Ball, location: 2F
1-2: Ball
2-2: Hit by Pitch
Batting: RHB Juan Carlos Cruz 0-0: Ball
1-0: Swinging Strike
1-1: Swinging Strike
1-2: Strikes out looking
Batting: RHB Won-min Yi 0-0: Fielders Choice at 2nd, 6-4 (Groundball, 6D)
Top of the 8th over - 0 run(s), 0 hit(s), 0 error(s), 0 left on base; Buckhead 0 - Las Vegas 6
BOTTOM OF THE 8TH
Las Vegas Flamingos batting - Pitching for Buckhead Bowties : RHP Pat Pérez
Batting: LHB Ye Der 0-0: Ball
1-0: Ball
2-0: Fly out, F8 (Flyball, 8LS)
Batting: RHB Sake van Arem 0-0: Ball
1-0: Swinging Strike
1-1: DOUBLE (Line Drive, 89M)
Batting: LHB Ruud van Ineveld 0-0: Ball
1-0: Foul Ball, location: 2F
1-1: Ball
2-1: Swinging Strike
2-2: Ball
3-2: Base on Balls
Batting: RHB Xavier Hernández 0-0: Foul Ball, location: 2F
0-1: Foul Ball, location: 2F
0-2: Ball
1-2: SINGLE (Line Drive, 89M)
Sake van Arem to third
Ruud van Ineveld to second
Runner from 3rd tries for Home, SAFE, no throw
Batting: LHB Chris McKinney 0-0: Ball
Ruud van Ineveld is caught stealing 3rd base
Xavier Hernández to second
1-0: Called Strike
1-1: Called Strike
1-2: Fly out, F7 (Flyball, 7S)
Bottom of the 8th over - 1 run(s), 2 hit(s), 0 error(s), 1 left on base; Buckhead 0 - Las Vegas 7
TOP OF THE 9TH
Buckhead Bowties batting - Pitching for Las Vegas Flamingos : LHP Shunen Takahashi
Pinch Hitting: RHB Freddy Carea 0-0: Fly out, F7 (Line Drive, 7D)
Batting: RHB Al Thomas 0-0: Called Strike
0-1: Ball
1-1: Fly out, F9 (Flyball, 89S)
Batting: RHB Pat Ings 0-0: Ball
1-0: Ball
2-0: DOUBLE (Line Drive, 89M)
Batting: RHB Raúl Ruíz 0-0: Called Strike
0-1: Ball
1-1: Called Strike
1-2: Ground out 1-3 (Groundball, P)
Top of the 9th over - 0 run(s), 1 hit(s), 0 error(s), 1 left on base; Buckhead 0 - Las Vegas 7
Wednesday, September 6th, 2017 - OOTP Baseball 17.12 Build 75